AoeStats
← NPG | Shimishi Maki

Nomad

505576850Analyzed
4v4 RM · 22d ago on Sep 10, 2026· 41m 35s· 8 players
Game mode
Random Map
Map size
231×231
Population
200
Speed
Normal
Resources
Standard
Victory
Conquest
Starting age
Dark Age
Ending age
Imperial Age
RankedLock teamsTeams togetherTeam positionsShared explorationLock speedFull tech treeHidden civsTurbo modeCheats
Victory
Defeat
🇦🇷 Vikings · Argentina
1667
+14
🇨🇳 Romans · China
1642
+15
🇨🇳 Byzantines · China
1587
+17
🇦🇷 Poles · Argentina
1480
+20
1727
-21
1627
-17
🇨🇱 Malians · Chile
1552
-14
🇨🇱 Huns · Chile
1536
-14
Marlin
4:43 Loom
13:32 Feudal Age
14:04 Double-Bit Axe
21:41 Castle Age
19:47 Horse Collar
21:08 Fletching
21:40 Padded Archer Armor
22:09 Crossbowman
22:46 Bodkin Arrow
26:27 Bodkin Arrow
30:49 Leather Archer Armor
32:41 Ballistics
33:05 Wheelbarrow
35:12 Bow Saw
36:52 Thumb Ring
39:37 Imperial Age
37:31 Thumb Ring
37:56 Elite Skirmisher
39:23 Hand Cart
39:47 Forging
39:38 Scale Mail Armor
39:19 Pikeman
39:41 Arbalester
41:14 Bracer
Mati
5:23 Loom
13:37 Feudal Age
18:35 Castle Age
16:35 Fishing Lines
16:44 Horse Collar
17:06 Gold Mining
17:42 Double-Bit Axe
19:47 Bow Saw
20:12 Gillnets
23:05 Heavy Plow
25:58 Gold Shaft Mining
25:18 Stone Mining
26:01 Forging
25:52 Scale Mail Armor
27:18 Squires
26:45 Pikeman
27:31 Town Watch
29:33 Iron Casting
29:13 Chain Mail Armor
30:03 Chain Mail Armor
33:41 Imperial Age
31:10 Gambesons
31:10 Arson
32:13 Chieftains
33:46 Elite Berserk
35:00 Plate Mail Armor
35:10 Conscription
35:13 Bogsveigar
36:52 Blast Furnace
37:21 Two-Man Saw
36:51 Crop Rotation
35:58 Capped Ram
38:06 Hoardings
40:00 Siege Ram
41:05 Fletching
爱人跟人走
4:54 Loom
11:32 Feudal Age
12:34 Town Watch
13:23 Double-Bit Axe
27:55 Castle Age
26:46 Horse Collar
29:11 Medium Warships
29:35 Bow Saw
32:17 Demolition Ship
ZarckNogh
13:01 Feudal Age
17:05 Castle Age
16:28 Double-Bit Axe
16:24 Horse Collar
17:42 Loom
18:49 Bow Saw
21:55 Heavy Plow
24:36 Wheelbarrow
30:14 Imperial Age
28:34 Town Watch
29:37 Gold Mining
30:36 Scale Barding Armor
30:23 Cavalier
31:04 Husbandry
32:14 Chain Barding Armor
32:06 Forging
32:10 Bloodlines
32:11 Szlachta Privileges
32:29 Conscription
32:13 Husbandry
34:46 Iron Casting
36:51 Blast Furnace
41:00 Stone Mining
NPG | Dequetelasdai
4:22 Loom
12:18 Feudal Age
16:41 Castle Age
16:16 Double-Bit Axe
19:27 Forging
24:04 Wheelbarrow
24:03 Bow Saw
25:41 Light Cavalry
27:16 Gold Mining
27:21 Horse Collar
28:55 Bloodlines
28:52 Scale Barding Armor
30:26 Husbandry
31:01 Town Watch
32:33 Stone Mining
35:42 Imperial Age
35:20 Hand Cart
36:58 Chain Barding Armor
37:47 Cavalier
NPG | DR@CA
3:53 Loom
12:14 Feudal Age
12:45 Double-Bit Axe
14:31 Wheelbarrow
21:24 Gold Mining
23:45 Castle Age
22:24 Stone Mining
23:56 Fishing Lines
25:35 Gillnets
25:46 Town Watch
30:20 Medium Warships
31:24 Horse Collar
35:50 Imperial Age
34:57 Scale Barding Armor
36:10 Chain Barding Armor
36:02 Forging
36:59 Hand Cart
37:01 Bow Saw
37:34 Husbandry
37:32 Heavy Camel Rider
38:23 Bloodlines
39:52 Plate Barding Armor
41:24 Iron Casting
NPG | ChupaloAlexitico
12:15 Feudal Age
11:56 Loom
15:31 Fletching
24:27 Castle Age
23:04 Padded Archer Armor
22:57 Double-Bit Axe
24:21 Gold Mining
24:31 Crossbowman
25:09 Bodkin Arrow
28:19 Bloodlines
30:26 Ballistics
32:16 Husbandry
32:26 Horse Collar
39:11 Imperial Age
39:05 Bow Saw
39:35 Thumb Ring
40:23 Wheelbarrow
39:34 Town Watch
40:57 Chemistry
40:01 Bracer
40:47 Leather Archer Armor
41:53 Conscription
NPG | Shimishi Maki
6:40 Loom
14:55 Feudal Age
18:56 Castle Age
17:51 Double-Bit Axe
18:47 Forging
19:54 Medium Warships
19:39 Fishing Lines
21:18 Iron Casting
21:18 Town Watch
23:55 Wheelbarrow
24:08 Horse Collar
27:16 Fletching
29:05 Hand Cart
28:41 Gold Mining
30:24 Gillnets
30:54 Padded Archer Armor
30:51 Bodkin Arrow
34:20 Imperial Age
31:57 Padded Archer Armor
32:25 Scale Mail Armor
33:08 Ballistics
33:52 Squires
33:37 Arson
34:08 Chain Mail Armor
34:43 Leather Archer Armor
34:29 Elite Fire Lancer
35:42 Plate Mail Armor
35:38 Bracer
35:13 Elite Fire Lancer
36:31 Thumb Ring
38:21 Chemistry
39:29 Pikeman
Connection lost

Rejoining the realm…

Still unreachable

The connection could not be restored.

Session expired

The server has moved on; the page needs a fresh start.